 Dungeon Crawl Stone Soup version 0.17-a0-2099-g910b1c6 (webtiles) character file.

66 pajak713 the Skirmisher (level 3, -1/34 HPs)
             Began as a Minotaur Berserker on Oct 18, 2015.
             Was a Believer of Trog.
             Slain by a gnoll
             ... wielding a +0 spear
              (9 damage)
             ... on level 2 of the Dungeon.
             The game lasted 00:06:49 (1223 turns).

pajak713 the Skirmisher (Minotaur Berserker)        Turns: 1223, Time: 00:06:49

Health: -1/34      AC:  2    Str: 22    XL:     3   Next: 96%
Magic:  2/2        EV: 12    Int:  4    God:    Trog [**....]
Gold:   58         SH:  0    Dex:  9    Spells: 0 memorised, 2 levels left

rFire  . . .     SeeInvis .     a - +0 hand axe
rCold  . . .     Clarity  .     b - +0 animal skin
rNeg   . . .     SustAt   .     (no shield)
rPois  .         Gourm    .     (helmet restricted)
rElec  .         Spirit   .     (no cloak)
rCorr  .         Warding  .     (no gloves)
rMut   .         Stasis   .     (no boots)
MR     .....                    (no amulet)
Stlth  +.........               (no ring)
                                (no ring)

@: not resistant to hostile enchantments, very unstealthy
A: retaliatory headbutt, horns 2
a: Burn Spellbooks, Berserk, Trog's Hand, Renounce Religion


You were on level 2 of the Dungeon.
You worshipped Trog.
Trog was pleased with you.
You were not hungry.

You visited 1 branch of the dungeon, and saw 2 of its levels.

You collected 58 gold pieces.

Inventory:

Hand Weapons
 a - a +0 hand axe (weapon)
Armour
 b - a +0 animal skin (worn)
Jewellery
 m - a cursed ring of teleportation {unknown}
Scrolls
 d - 2 scrolls of identify {unknown}
 g - a scroll of enchant weapon {unknown}
 j - 2 scrolls of fear {unknown}
 k - a scroll of enchant armour {unknown}
 l - a scroll of remove curse {unknown}
Potions
 e - a potion of flight {unknown}
 h - a potion of experience {unknown}
 i - 2 potions of curing {unknown}
Comestibles
 c - a bread ration
 f - a meat ration


   Skills:
 + Level 4.6 Fighting
 + Level 4.4 Axes
 + Level 2.7 Armour
 + Level 2.9 Dodging
 + Level 0.1 Stealth


You had 2 spell levels left.
You didn't know any spells.

Dungeon Overview and Level Annotations

Branches:
Dungeon (2/15)

Altars:
Elyvilon


Innate Abilities, Weirdness & Mutations

You reflexively headbutt those who attack you in melee.
You have a pair of horns on your head.


Message History

Things that are here:
a throwing net; a gnoll corpse
There is a stone staircase leading down, spattered with blood here.
You see here a throwing net.
The gnoll misses you.
Things that are here:
a throwing net; a gnoll corpse
There is a stone staircase leading down, spattered with blood here.
You see here a throwing net.
The gnoll hits you with a spear!
* * * LOW HITPOINT WARNING * * *
The gnoll hits you from afar with a spear.
* * * LOW HITPOINT WARNING * * *
Things that are here:
a throwing net; a gnoll corpse You barely miss the gnoll.
You headbutt the gnoll!
The gnoll is almost dead.
The gnoll closely misses you.
The gnoll hits you from afar with a spear!
You die...

##### ..... ##### #.#
########.# ....).##.##
### ####......# ..
####......## .#
##.........######.###.##
##.......#.....>@.......
...........######g##.###
####...##.## g# #...##.#
.# ####.##.# .#
#......)# .# #.##.##.#
.# # #.##.# .. .....#


You could see 2 gnolls.

Vanquished Creatures
  2 gnolls
  An adder (D:2)
  3 worms (D:2)
  2 giant geckos (D:1)
  4 hobgoblins
  6 jackals (D:2)
  A quokka (D:2)
  4 bats
  6 rats (D:1)
29 creatures vanquished.

Vanquished Creatures (others)
  A quokka (D:2)
1 creature vanquished.

Grand Total: 30 creatures vanquished

Notes
Turn   | Place    | Note
--------------------------------------------------------------
     0 | D:1      | pajak713 the Minotaur Berserker began the quest for the Orb.
     0 | D:1      | Reached XP level 1. HP: 19/19 MP: 0/0
    26 | D:1      | Reached XP level 2. HP: 25/27 MP: 1/1
    93 | D:1      | Reached skill level 4 in Axes
   742 | D:2      | Reached XP level 3. HP: 20/34 MP: 2/2
   927 | D:2      | Reached ** piety under Trog
  1155 | D:2      | Found a white marble altar of Elyvilon.
  1223 | D:2      | Slain by a gnoll

Vault maps used:
D:1:      enne_arrival_octagon_isle, grunt_decor_clamped, corexii_corridor_pit,
          corexii_item_surrounded_by_moat
D:2:      elyvilon_altar_4, eino_tiny_chamber

Action                   || total
-------------------------++-------
Melee: Hand axe          ||    74
Invok: Berserk           ||     1
 Stab: Sleeping          ||     1
  Eat: Chunk             ||     2
